 Dungeon Crawl Stone Soup version 0.21-a0-621-gc60411f (webtiles) character file.

156 Firecrotchwizard the Distorting Demonspawn (level 5, 0/42 HPs)
             Began as a Demonspawn Abyssal Knight on Dec 23, 2017.
             Was a Believer of Lugonu.
             Slain by an orc wizard
             ... wielding a +0 dagger
              (3 damage)
             ... on level 2 of the Dungeon.
             The game lasted 00:05:55 (3586 turns).

Firecrotchwizard the Distorting Demonspawn (DsAK)   Turns: 3586, Time: 00:05:56

Health: 0/42       AC:  6    Str: 14    XL:     5   Next: 14%
Magic:  7/8        EV: 10    Int: 14    God:    Lugonu [**....]
Gold:   156        SH:  0    Dex: 13    Spells: 4/4 levels left

rFire    . . .     SeeInvis .   a - +1 mace
rCold    . . .     Gourm    .   (no shield)
rNeg     . . .     Faith    .   j - +1 ring mail
rPois    .         Spirit   .   (no helmet)
rElec    .         Reflect  .   (no cloak)
rCorr    .         Harm     .   (no gloves)
MR       .....                  (no boots)
Stlth    +++.......             (no amulet)
HPRegen  0.14/turn              e - +2 ring of strength
MPRegen  0.11/turn              (no ring)

@: no status effects
A: nightstalker 2
a: Depart the Abyss, Bend Space, Renounce Religion


You were on level 2 of the Dungeon.
You worshipped Lugonu.
Lugonu was pleased with you.
You were not hungry.

You visited 1 branch of the dungeon, and saw 3 of its levels.
You visited the Abyss 1 time.

You collected 156 gold pieces.

Inventory:

Hand Weapons
 a - a +1 mace (weapon)
Armour
 j - a +1 ring mail (worn)
   (You found it on level 1 of the Dungeon)
Jewellery
 e - a +2 ring of strength (left hand)
   (You found it on level 1 of the Dungeon)
Scrolls
 d - 6 scrolls of identify
 f - a scroll of magic mapping {!r}
Potions
 b - a potion of curing
 h - a potion of heal wounds {unknown}
 i - 3 potions of lignification {!q}
 k - a potion of degeneration {unknown}
 m - a potion of mutation {unknown}
 o - a potion of might {unknown}
Comestibles
 c - 5 rations {@e1}
 g - 4 chunks of flesh {@w0}


   Skills:
 + Level 3.9 Fighting
 * Level 3.6 Maces & Flails
 - Level 1.7 Armour
 - Level 0.8 Dodging
 + Level 4.0 Invocations


You had 4 spell levels left.
You didn't know any spells.

Dungeon Overview and Level Annotations

Branches:
Dungeon (3/15)

Altars:
Ru

Annotations:
D:2 1 runed door


Innate Abilities, Weirdness & Mutations

You are significantly more attuned to the shadows.


Message History

You kill the orc!
Lugonu accepts your kill.
No target in view!
You climb downwards.
The orc hits you with a war axe! The orc barely misses you.
There is a stone staircase leading up, spattered with blood here.
You take 8 damage, and have 29/37 hp.
MASSIVE DAMAGE!!
The orc priest mumbles some strange prayers to Beogh against you.
Beogh smites you! The orc hits you but does no damage.
You climb upwards.
Level annotation: 1 runed door
There is a stone staircase leading down here.
You take 11 damage, and have 18/37 hp.
MASSIVE DAMAGE!!
You hit the orc. The orc closely misses you.
You hit the orc. The orc barely misses you.
You hit the orc.
You kill the orc!
Lugonu accepts your kill.
Things that are here:
a war axe; an orc corpse You butcher the orc corpse.
g - 4 chunks of flesh {@w0} You see here a war axe.
There is a stone staircase leading down here.
You start resting.
Health restored: 37 You climb downwards.
There is a stone staircase leading up, spattered with blood here.
You closely miss the orc priest.
The orc priest hits you with a morningstar.
You take 4 damage, and have 33/37 hp.
You closely miss the orc priest.
The orc priest hits you with a morningstar.
You take 5 damage, and have 28/37 hp.
You closely miss the orc priest. The orc priest closely misses you.
You closely miss the orc priest.
The orc priest mumbles some strange prayers to Beogh against you.
Pain shoots through your body!
You take 3 damage, and have 25/37 hp.
The orc shouts!
You sock the orc priest!
The orc wizard mumbles some strange words.
The orc wizard seems to speed up.
The orc priest hits you but does no damage.
You closely miss the orc priest.
The orc priest looks satisfied for a moment.
Your ring mail prevents you from hitting the orc priest.
The orc priest hits you with a morningstar!
You take 8 damage, and have 18/37 hp.
MASSIVE DAMAGE!!
You closely miss the orc priest.
The orc priest hits you with a morningstar!
* * * LOW HITPOINT WARNING * * *
The orc priest hits you with a morningstar.
* * * LOW HITPOINT WARNING * * *
You take 14 damage, and have 4/37 hp.
MASSIVE DAMAGE!!
You hit the orc priest but do no damage.
The orc priest hits you with a morningstar.
* * * LOW HITPOINT WARNING * * *
You take 1 damage, and have 3/37 hp.
You hit the orc priest.
You kill the orc priest!
Lugonu accepts your kill.
Your Invocations skill increases to level 4!
You have reached level 5!
The orc wizard gestures wildly while chanting.
The orc wizard seems to speed up.
The orc wizard barely misses you.
The orc wizard points at you and mumbles some strange words.
The puff of frost misses you.
You climb upwards.
Level annotation: 1 runed door
There is a stone staircase leading down here.
It was a potion of curing.
You feel better.
The orc wizard hits you but does no damage.
The orc wizard barely misses you.
You regained 5 hp, and now have 9/42 hp.
You hit the orc wizard but do no damage.
The orc wizard casts a spell at you. The puff of frost hits you!
* * * LOW HITPOINT WARNING * * *
You take 5 damage, and have 4/42 hp.
You barely miss the orc wizard. The orc wizard barely misses you.
The orc wizard hits you but does no damage.
You hit the orc wizard but do no damage.
The orc wizard hits you but does no damage.
The orc wizard barely misses you.
You thump the orc wizard! The orc wizard hits you with a dagger.
* * * LOW HITPOINT WARNING * * *
The orc wizard completely misses you.
You take 1 damage, and have 3/42 hp.
You hit the orc wizard but do no damage.
The orc wizard barely misses you.
The orc wizard hits you but does no damage.
Your ring mail prevents you from hitting the orc wizard.
The orc wizard barely misses you. The orc wizard hits you with a dagger.
You die...

#.###.##.##....♣..P..P###
#.# #.##....P....♣≈...P..
#.# #.##....P...≈≈♣≈≈..♣.
#.# #.##..#..P.P≈≈≈≈♣≈P..
#.# #........P..♣≈≈≈≈♣≈..
#.# #.##.###.#P..≈≈♣≈≈≈.P
#.# #......#.##P..≈≈.≈P..
##.######.#.#.###P..♣P....
#.......o@[....)..........
###########.#.######......
#.#.############
#####.#...........).
#.....########.....#
#.....#.....##.....#
#.....#.###.##.÷...#
#...........).>....#
#....##.###.#.######


You could see an orc wizard.

Vanquished Creatures
  An orc priest (D:3)
  An orc wizard (D:2)
  3 adders
  An ooze (D:1)
  3 leopard geckos (D:1)
  4 orcs
  4 giant cockroaches (D:1)
  3 goblins (D:2)
  9 hobgoblins
  8 jackals (D:2)
  6 kobolds
  A quokka (D:2)
  2 ball pythons
  5 bats
  3 frilled lizards
  6 rats
60 creatures vanquished.

Notes
Turn   | Place    | Note
-------+----------+-------------------------------------------
     0 | Abyss:1  | Firecrotchwizard the Demonspawn Abyssal Knight began the quest for the Orb.
     0 | Abyss:1  | Reached XP level 1. HP: 18/18 MP: 2/2
    56 | Abyss:1  | Noticed a chaos spawn
    60 | D:1      | Escaped the Abyss
   276 | D:1      | Reached skill level 2 in Maces & Flails
   325 | D:1      | Gained mutation: You are slightly more attuned to the shadows. [demonic ancestry]
   325 | D:1      | Reached XP level 2. HP: 7/24 MP: 4/4
   974 | D:1      | Reached skill level 3 in Invocations
  1024 | D:1      | Reached XP level 3. HP: 27/29 MP: 5/5
  1069 | D:1      | Reached ** piety under Lugonu
  1394 | D:2      | HP: 7/29 [adder (3)]
  1699 | D:2      | Reached skill level 3 in Maces & Flails
  1878 | D:2      | Gained mutation: You are significantly more attuned to the shadows. [demonic ancestry]
  1878 | D:2      | Reached XP level 4. HP: 35/35 MP: 6/6
  1943 | D:2      | Found a sacrificial altar of Ru.
  2540 | D:2      | Found a runed door.
  3145 | D:3      | HP: 6/37 [orc priest/divine providence (14)]
  3575 | D:3      | HP: 7/37 [orc priest/morningstar (11)]
  3576 | D:3      | HP: 3/37 [orc priest/morningstar (1)]
  3577 | D:3      | Reached skill level 4 in Invocations
  3577 | D:3      | Reached XP level 5. HP: 4/42 MP: 6/8
  3581 | D:2      | HP: 4/42 [orc wizard/puff of frost (6)]
  3586 | D:2      | Slain by an orc wizard

Vault maps used:
D:1:      roderic_octagonal_star, minmay_shallow_snake_nest
D:2:      serial_bayou_pond_a, nicolae_ru_great_annihilating_truth,
          uniq_crazy_yiuf_cottage
Abyss:1:  hangedman_abyss_town

Skill      XL: |  1  2  3  4 |
---------------+-------------+-----
Maces & Flails | 2 3 |  3.6
Invocations    | 3 4 |  4.0
Fighting       | |  3.9
Armour         | |  1.7
Dodging        | |  0.8

Action                   |  1- 3 |  4- 6 || total
-------------------------+-------+-------++-------
Melee: Mace              |   122 |   126 ||   248
  Use: Scroll            |       |     5 ||     5
       Potion            |       |     1 ||     1
 Stab: Sleeping          |     1 |     2 ||     3
       Paralysed         |       |     2 ||     2
  Eat: Chunk             |     1 |     3 ||     4
       Ration            |     1 |     1 ||     2
Armor: Leather armour    |    16 |       ||    16
       Ring mail         |    30 |    18 ||    48
       Scale mail        |       |    35 ||    35
Dodge: Dodged            |    77 |    83 ||   160

Table legend:
 A = Spawn XP
 B = Non-spawn XP
 C = Spawn XP percentage of total XP
 D = Spawn monster count
 E = Non-spawn monster count
 F = Spawn count percentage of total count
 G = Total turns spent on level
                    A         B        C        D         E        F      G
               +---------+---------+-------+---------+---------+-------+---------
         Total |       0 |     223 |   0.0 |       0 |      60 |   0.0 |  3586
               +---------+---------+-------+---------+---------+-------+---------
           D:1 |       0 |      63 |   0.0 |       0 |      25 |   0.0 |  1210
           D:2 |       0 |     115 |   0.0 |       0 |      32 |   0.0 |  2167
           D:3 |       0 |      45 |   0.0 |       0 |       3 |   0.0 |   149
               +---------+---------+-------+---------+---------+-------+---------

Vault maps used:
D:1:      roderic_octagonal_star, minmay_shallow_snake_nest
D:2:      serial_bayou_pond_a, nicolae_ru_great_annihilating_truth,
          uniq_crazy_yiuf_cottage
Abyss:1:  hangedman_abyss_town

Table legend:
 A = Turns spent in this place as a percentage of turns spent in the entire game.
 B = Non-inter-level travel turns spent in this place as a percentage of non-inter-level travel turns spent in the entire game.
 C = Inter-level travel turns spent in this place as a percentage of turns spent in this place.
 D = Turns resting spent in this place as a percentage of non-inter-level travel turns spent in this place.
 E = Turns spent auto-exploring this place as a percentage of non-inter-level travel turns spent in this place.
 F = Non-inter-level travel turns spent in this place divided by the number of levels of this place that you've seen.
                   A       B       C       D       E      F
               +-------+-------+-------+-------+-------+----------------------
         Total | 100.0 | 100.0 |   4.4 |  50.7 |  33.1 | 857.2
       Dungeon |  98.3 |  98.3 |   4.5 |  51.6 |  32.9 | 1123.0
         Abyss |   1.7 |   1.7 |   0.0 |   0.0 |  46.7 |  60.0
               +-------+-------+-------+-------+-------+----------------------

Table legend:
 A = Kills in this place as a percentage of kills in entire the game.
 B = Kills by you in this place as a percentage of kills by you in the entire game.
 C = Kills by friends in this place as a percentage of kills by friends in the entire game.
 D = Other kills in this place as a percentage of other kills in the entire game.
 E = Experience gained in this place as a percentage of experience gained in the entire game.
 F = Experience gained in this place divided by the number of levels of this place that you have seen.
                   A       B       C       D       E      F
               +-------+-------+-------+-------+-------+----------------------
         Total | 100.0 | 100.0 |   N/A |   N/A | 100.0 |  55.8
       Dungeon | 100.0 | 100.0 |   N/A |   N/A | 100.0 |  74.3
               +-------+-------+-------+-------+-------+----------------------
